 Dungeon Crawl Stone Soup version 0.21.1-1-g345015fe64 (webtiles) character file.

26448 Tali the Cleaver (level 12, -9/110 HPs)
             Began as a Minotaur Fighter on June 8, 2018.
             Was a High Priest of Trog.
             Mangled by an iron dragon simulacrum (illusionary) (17 damage)
             ... on level 3 of the Abyss.
             The game lasted 00:36:45 (21322 turns).

Tali the Cleaver (Minotaur Fighter)                Turns: 21322, Time: 00:36:47

Health: -9/110     AC: 16    Str: 25    XL:     12   Next: 98%
Magic:  0/12       EV: 16    Int:  7    God:    Trog [*****.]
Gold:   867        SH: 26    Dex: 18    Spells: 11/11 levels left

rFire    . . .     SeeInvis +   n - +2 broad axe (freeze)
rCold    . . .     Gourm    .   B - +6 large shield "Zeperph" {rC- Str+3 Int+2}
rNeg     . . .     Faith    .   T - +2 troll leather armour
rPois    .         Spirit   +   (helmet restricted)
rElec    .         Reflect  .   a - +0 cloak
rCorr    .         Harm     .   b - +0 pair of gloves
MR       .....     Clarity  +   P - +0 pair of boots
Stlth    +++.......             y - amulet of guardian spirit
HPRegen  0.68/turn              J - +3 ring of protection
MPRegen  0.13/turn              d - ring "Jawoxy" {rC+ Slay+2 SInv}

@: studying Slings
A: retaliatory headbutt, horns 2, thin skeletal structure 1, yellow scales 1,
agile 1, clarity, high mp 1
a: Berserk, Trog's Hand, Brothers in Arms, Burn Spellbooks, Renounce Religion


You were on level 3 of the Abyss.
You worshipped Trog.
Trog was extremely pleased with you.
You were hungry.

You visited 2 branches of the dungeon, and saw 15 of its levels.
You visited the Abyss 1 time.
You also visited: Sewer.

You collected 867 gold pieces.

Inventory:

Hand Weapons
 m - a +1 hand axe of electrocution
 n - a +2 broad axe of freezing (weapon)
 p - a +2 hand axe of flaming
 t - a +0 fustibalus
 G - a +2 hand axe of chopping
Missiles
 c - 54 sling bullets
 h - 22 arrows
 l - 139 stones
 C - 14 tomahawks (quivered)
 W - 4 javelins
Armour
 a - a +0 cloak (worn)
 b - a +0 pair of gloves (worn)
 o - a +0 pair of boots
 B - the +6 large shield "Zeperph" (worn) {rC- Str+3 Int+2}
   (You found it on level 5 of the Dungeon)

   It affects your strength (+3).
   It affects your intelligence (+2).
   It makes you vulnerable to cold.
 K - a +3 leather armour of magic resistance
 P - a +0 pair of boots (worn)
 T - a +2 troll leather armour (worn)
Jewellery
 d - the ring "Jawoxy" (right hand) {rC+ Slay+2 SInv}
   (You found it on level 4 of the Dungeon)

   [ring of see invisible]

   It affects your accuracy and damage with ranged weapons and melee attacks
   (+2).
   It protects you from cold.
   It lets you see invisible.
 i - an uncursed ring of resist corrosion
 y - an amulet of guardian spirit (around neck)
 I - an uncursed ring of protection from cold
 J - a +3 ring of protection (left hand)
 O - an uncursed amulet of magic regeneration
Wands
 z - a wand of flame (73)
 N - a wand of paralysis (17)
 S - a wand of enslavement (9)
 V - a wand of digging (19)
Scrolls
 j - 6 scrolls of teleportation
 k - 2 scrolls of magic mapping
 r - 10 scrolls of remove curse
 A - 2 scrolls of blinking {unknown}
 E - 2 scrolls of noise {unknown}
 H - 5 scrolls of fear
Potions
 g - 2 potions of brilliance
 q - a potion of ambrosia {unknown}
 s - 4 potions of lignification
 u - a potion of heal wounds
 v - 3 potions of magic {unknown}
 w - 3 potions of curing
 x - a potion of might
 F - a potion of berserk rage {unknown}
 L - a potion of mutation
 M - 2 potions of cancellation
 R - a potion of flight {unknown}
 Y - 2 potions of degeneration {unknown}
Books
 X - a manual of Slings
Miscellaneous
 Q - a phantom mirror
 U - a sack of spiders
 Z - a crystal ball of energy
Comestibles
 f - 20 rations


   Skills:
 + Level 11.4 Fighting
 + Level 14.2 Axes
 + Level 2.0(2.3) Slings
 + Level 1.3(1.8) Throwing
 + Level 8.6 Armour
 + Level 8.8 Dodging
 + Level 4.1 Stealth
 + Level 13.4 Shields


You had 11 spell levels left.
You didn't know any spells.

Dungeon Overview and Level Annotations

Branches:
Dungeon (14/15)            Temple (1/1) D:4            Lair (0/6) D:11
    Orc (0/2) D:9
 Vaults: D:13-14

Altars:
Ashenzari
Cheibriados
Dithmenos
Elyvilon
Gozag
Kikubaaqudgha
Makhleb
Nemelex Xobeh
Okawaru
Qazlal
Ru
Sif Muna
Trog
Vehumet
Yredelemnul
Zin

Shops:
D:9 :

Annotations:
D:13 Louise


Innate Abilities, Weirdness & Mutations

You reflexively headbutt those who attack you in melee.
You have a pair of horns on your head.
You have a somewhat thin skeletal structure. (Dex +2, Stealth)
You are partially covered in yellow scales. (AC +2)
You are agile. (Dex +2)
You possess an exceptional clarity of mind.
You have an increased reservoir of magic. (+10% MP)


Message History

You kill the rakshasa!
You hit the iron dragon simulacrum. You block the rakshasa's attack.
Unknown command.
You slice the rakshasa!! You freeze the rakshasa.
You kill the rakshasa!
You slash the iron dragon simulacrum! The iron dragon simulacrum bites you!
The iron dragon simulacrum freezes you!!
The iron dragon simulacrum claws you.
The iron dragon simulacrum freezes you!!
* * * LOW HITPOINT WARNING * * *
You block the iron dragon simulacrum's attack.
You feel much better. You block the rakshasa's attack.
You feel much better.
The iron dragon simulacrum bites you but does no damage.
The iron dragon simulacrum claws you.
The iron dragon simulacrum freezes you!!!
* * * LOW HITPOINT WARNING * * *
You block the iron dragon simulacrum's attack. x2
The iron dragon simulacrum claws you!
You die...

## # ..#### #
##. .## #..
###...##..#....
##..##.........
#..##...#.... ..
#.#..Z...# ..
#...Z@.# .. .
#..#...#R..# ##
#
###.#....###....
.#... .## ..#
#.#.........# #
#.#.....##.....
#....###### ...
..##.. . #######
. .. ##..## #


You could see a rakshasa and 2 iron dragon simulacra.

Vanquished Creatures
  Kirke (D:12)
  The ghost of Lokiki the Blocker, a journeyman GnFi of Trog (D:12)
  The ghost of Schimscham the Thaumaturge, a journeyman OpWz of Kikubaaqudgha (D:13)
  The ghost of raetorn the Thaumaturge, a journeyman GnSk of Cheibriados (D:11)
  A hydra (D:12)
  2 two-headed ogres
  Urug (D:12)
  Pikel (D:8)
  3 cyclopes
  A manticore (D:11)
  Maurice (D:8)
  A molten gargoyle (D:13)
  4 kobold demonologists (D:11)
  3 hornets
  2 trolls
  Grinder (D:4)
  3 hippogriffs
  2 slime creatures (D:13)
  2 shadows
  3 water elementals
  7 hogs (D:12)
  17 yaks
  Grum (D:8)
  Menkaure (D:5)
  3 vampire mosquitoes (D:13)
  2 hell hounds (D:11)
  2 soldier ants (D:9)
  8 orc warriors
  4 sky beasts
  A necrophage (D:11)
  5 ice beasts
  4 black bears
  A phantom (D:12)
  6 ogres
  2 wolves (D:8)
  7 centaurs
  8 big kobolds
  A gnoll sergeant (D:8)
  3 bullfrogs
  2 scorpions
  9 wights
  2 vampire bats (D:3)
  A howler monkey (D:13)
  2 jellies
  8 electric eels
  4 lava snakes (D:13)
  4 bullfrog zombies
  4 crimson imps
  2 quasits
  A centaur zombie (D:7)
  4 centaur skeletons
  10 orc priests
  4 hounds
  2 bullfrog skeletons
  10 orc wizards
  6 iguanas
  13 worker ants
  2 hound skeletons (D:6)
  A hound zombie (D:7)
  A howler monkey zombie (D:9)
  2 worker ant zombies
  2 howler monkey skeletons
  16 adders
  17 gnolls
  5 river rats
  2 shadow imps
  An ooze (D:5)
  An adder zombie (D:7)
  4 worms
  A dart slug (D:3)
  8 leopard geckos
  53 orcs
  12 bats
  2 giant cockroaches (D:3)
  6 goblins
  9 hobgoblins
  11 jackals
  58 kobolds
  4 quokkas
  6 ball pythons
  12 frilled lizards
  A quokka skeleton (D:8)
  6 rats
  A fire vortex (D:13)
450 creatures vanquished.

Vanquished Creatures (collateral kills)
  3 slime creatures (D:12)
  A centaur skeleton (D:12)
4 creatures vanquished.

Vanquished Creatures (others)
  2 slaves (D:8)
  A gnoll (D:8)
3 creatures vanquished.

Grand Total: 457 creatures vanquished

Notes
Turn   | Place    | Note
-------+----------+-------------------------------------------
     0 | D:1      | Tali the Minotaur Fighter began the quest for the Orb.
     0 | D:1      | Reached XP level 1. HP: 19/19 MP: 0/0
   316 | D:1      | Reached XP level 2. HP: 23/27 MP: 1/1
   655 | D:2      | Found a basalt altar of Yredelemnul.
   773 | D:2      | Reached XP level 3. HP: 11/33 MP: 2/2
  1860 | D:3      | Reached skill level 5 in Armour
  1935 | D:3      | Reached XP level 4. HP: 36/41 MP: 3/3
  1935 | D:3      | Reached skill level 3 in Axes
  2254 | D:3      | Reached skill level 1 in Dodging
  2272 | D:3      | Reached XP level 5. HP: 41/47 MP: 4/4
  2498 | D:3      | Reached skill level 4 in Axes
  2577 | D:3      | Found a burning altar of Makhleb.
  2640 | D:3      | Found a snail-covered altar of Cheibriados.
  2729 | D:3      | Found an ancient bone altar of Kikubaaqudgha.
  2867 | D:3      | Reached skill level 5 in Axes
  2867 | D:3      | Reached XP level 6. HP: 53/55 MP: 5/5
  3168 | D:3      | Found a radiant altar of Vehumet.
  3224 | D:4      | Reached skill level 5 in Fighting
  3467 | D:4      | Found a staircase to the Ecumenical Temple.
  3472 | Temple   | Entered the Ecumenical Temple
  3506 | Temple   | Became a worshipper of Trog the Wrathful
  3537 | D:4      | Got a warped granite ring
  3538 | D:4      | Identified the ring "Jawoxy" {rC+ Slay+2 SInv} (You found it on level 4 of the Dungeon)
  3986 | D:4      | Reached * piety under Trog
  4033 | D:4      | Reached skill level 6 in Axes
  4033 | D:4      | Reached XP level 7. HP: 42/61 MP: 6/6
  4375 | D:4      | Reached skill level 7 in Axes
  4814 | D:4      | Noticed Grinder
  4820 | D:4      | Paralysed by Grinder for 2 turns
  4828 | D:4      | Killed Grinder
  4828 | D:4      | Reached skill level 8 in Axes
  4828 | D:4      | Reached XP level 8. HP: 45/70 MP: 7/7
  5325 | D:5      | Entered Level 5 of the Dungeon
  5391 | D:5      | Found a glowing drain.
  5395 | Sewer    | Entered a sewer
  5397 | Sewer    | Reached ** piety under Trog
  6038 | D:5      | Reached skill level 1 in Stealth
  6355 | D:5      | Found an opulent altar of Gozag.
  6960 | D:5      | Got a pitted large shield
  6966 | D:5      | Identified the +6 large shield "Zeperph" {rC- Str+3 Int+2} (You found it on level 5 of the Dungeon)
  7095 | D:5      | Noticed Menkaure
  7104 | D:5      | Killed Menkaure
  7104 | D:5      | Reached skill level 9 in Axes
  7405 | D:6      | Noticed a hippogriff
  7415 | D:6      | Killed a hippogriff
  7653 | D:6      | Reached XP level 9. HP: 78/78 MP: 8/8
  7673 | D:6      | Found a sacrificial altar of Ru.
  7860 | D:6      | Reached *** piety under Trog
  8456 | D:7      | Reached skill level 10 in Axes
  8811 | D:7      | Reached skill level 5 in Shields
  9003 | D:7      | Found a glowing silver altar of Zin.
  9004 | D:7      | Noticed an angel
  9196 | D:8      | Reached XP level 10. HP: 10/90 MP: 9/9
  9228 | D:8      | Noticed Grum
  9235 | D:8      | Killed Grum
  9397 | D:8      | Reached skill level 11 in Axes
  9493 | D:8      | Noticed Pikel
  9496 | D:8      | Noticed Maurice
  9500 | D:8      | Noticed a two-headed ogre
  9506 | D:8      | Killed Pikel
  9506 | D:8      | Reached skill level 5 in Dodging
  9518 | D:8      | Killed a two-headed ogre
  9532 | D:8      | Killed Maurice
 10500 | D:9      | Found a shadowy altar of Dithmenos.
 10825 | D:9      | Found a shattered altar of Ashenzari.
 10895 | D:9      | Found a staircase to the Orcish Mines.
 10936 | D:9      | Found Zaolakei's Book Shoppe.
 10979 | D:9      | Found a stormy altar of Qazlal.
 11217 | D:9      | Reached **** piety under Trog
 11514 | D:10     | Entered Level 10 of the Dungeon
 11586 | D:10     | Reached XP level 11. HP: 90/97 MP: 10/10
 11620 | D:10     | Reached skill level 12 in Axes
 12219 | D:10     | Found a white marble altar of Elyvilon.
 12273 | D:10     | Noticed a two-headed ogre
 12280 | D:10     | Reached ***** piety under Trog
 12289 | D:10     | Killed a two-headed ogre
 12289 | D:10     | Reached skill level 10 in Shields
 12659 | D:11     | Noticed raetorn's ghost (journeyman GnSk)
 12734 | D:11     | Killed raetorn's ghost
 12734 | D:11     | Reached skill level 1 in Throwing
 12971 | D:11     | Found a staircase to the Lair.
 12998 | D:11     | Noticed a soul eater
 12998 | D:11     | Reached skill level 10 in Fighting
 14753 | D:11     | Noticed a sixfirhy
 15403 | D:12     | Gained mutation: You have a pair of large horns on your head. [potion of mutation]
 15403 | D:12     | Gained mutation: You are partially covered in thin metallic scales. (AC +2) [potion of mutation]
 15403 | D:12     | Gained mutation: You have an increased reservoir of magic. (+10% MP) [potion of mutation]
 15403 | D:12     | Gained mutation: You have sharp fingernails. [potion of mutation]
 15404 | D:12     | Lost mutation: You have a pair of large horns on your head. [potion of mutation]
 15404 | D:12     | Lost mutation: You are partially covered in thin metallic scales. (AC +2) [potion of mutation]
 15404 | D:12     | Lost mutation: You have sharp fingernails. [potion of mutation]
 15404 | D:12     | Gained mutation: Armour fits poorly on your strangely shaped body. [potion of mutation]
 15404 | D:12     | Gained mutation: You are clumsy. (Dex -2) [potion of mutation]
 15404 | D:12     | Gained mutation: You have sharp toenails. [potion of mutation]
 15404 | D:12     | Gained mutation: You have a somewhat thin skeletal structure. (Dex +2, Stealth) [potion of mutation]
 15405 | D:12     | Lost mutation: You have sharp toenails. [potion of mutation]
 15405 | D:12     | Lost mutation: You are clumsy. (Dex -2) [potion of mutation]
 15405 | D:12     | Lost mutation: Armour fits poorly on your strangely shaped body. [potion of mutation]
 15405 | D:12     | Gained mutation: You possess an exceptional clarity of mind. [potion of mutation]
 15405 | D:12     | Gained mutation: You are agile. (Dex +2) [potion of mutation]
 15405 | D:12     | Gained mutation: You are partially covered in yellow scales. (AC +2) [potion of mutation]
 15749 | D:12     | Noticed Lokiki's ghost (journeyman GnFi)
 15783 | D:12     | Killed Lokiki's ghost
 16339 | D:12     | Reached XP level 12. HP: 107/107 MP: 12/12
 17009 | D:12     | Noticed an eight-headed hydra
 17015 | D:12     | Noticed a two-headed ogre
 17307 | D:12     | Killed an eight-headed hydra
 17307 | D:12     | Reached skill level 1 in Slings
 17908 | D:12     | Noticed Kirke
 17946 | D:12     | Reached skill level 13 in Axes
 18019 | D:12     | Killed Kirke
 18087 | D:12     | Noticed Urug
 18105 | D:12     | Killed Urug
 19041 | D:13     | Received a gift from Trog
 19310 | D:13     | Noticed Schimscham's ghost (journeyman OpWz)
 19337 | D:13     | Killed Schimscham's ghost
 19337 | D:13     | Reached skill level 14 in Axes
 21101 | D:14     | Noticed Louise
 21140 | D:13     | Cast into level 3 of the Abyss (Louise)
 21203 | Abyss:3  | Noticed a starcursed mass
 21309 | Abyss:3  | Noticed a rakshasa
 21322 | Abyss:3  | Mangled by an iron dragon simulacrum (illusionary)

Skill      XL: |  1  2  3  4  5  6  7  8  9 10 11 12 |
---------------+-------------------------------------+-----
Armour         | 4 5 6 8 |  8.6
Fighting       | 4 5 6 8 9 10 11 | 11.4
Axes           | 3 5 6 8 9 10 11 12 14 | 14.2
Dodging        | 1 2 3 4 6 7 8 |  8.8
Stealth        | 1 2 3 4 |  4.1
Shields        | 6 9 11 13 | 13.4
Throwing       | 1 |  1.3
Slings         | 2 |  2.0

Action                   |  1- 3 |  4- 6 |  7- 9 | 10-12 || total
-------------------------+-------+-------+-------+-------++-------
Melee: War axe           |    77 |    92 |       |       ||   169
       Headbutt          |     5 |    22 |    47 |   217 ||   291
       Hand axe          |       |    64 |   243 |   669 ||   976
       Broad axe         |       |       |       |   122 ||   122
 Fire: Fustibalus        |       |       |       |    14 ||    14
Throw: Tomahawk          |       |       |       |     8 ||     8
Invok: Burn Spellbooks   |       |       |     1 |     1 ||     2
       Berserk           |       |       |     1 |     6 ||     7
       Brothers in Arms  |       |       |       |     3 ||     3
Evoke: Wand              |       |       |       |     1 ||     1
  Use: Potion            |       |     2 |     3 |     9 ||    14
       Scroll            |       |       |     5 |    17 ||    22
 Stab: Paralysed         |       |       |     1 |       ||     1
       Sleeping          |       |       |       |     1 ||     1
  Eat: Chunk             |     3 |     6 |    17 |    32 ||    58
       Ration            |       |       |       |     4 ||     4
Armor: Scale mail        |    65 |   111 |    34 |       ||   210
       Robe              |       |       |     7 |       ||     7
       Leather armour    |       |       |    20 |    64 ||    84
       Troll leather arm |       |       |       |    16 ||    16
Dodge: Dodged            |    61 |   134 |    98 |   145 ||   438
Block: Large shield      |       |       |   193 |   734 ||   927
